 Dungeon Crawl Stone Soup version 0.30.1-3-gfc49f6343a (webtiles) character file.

Game seed: 3415663525830841870

2907 Zeor the Carver (level 9, -3/99 HPs)
             Began as a Demonspawn Gladiator on Aug 6, 2023.
             Was a Believer of Makhleb.
             Slain by a gnoll
             ... wielding a +0 halberd
             ... led by a gnoll sergeant
              (6 damage)
             ... on level 8 of the Dungeon.
             The game lasted 00:27:03 (6145 turns).

Zeor the Carver (Demonspawn Gladiator)              Turns: 6145, Time: 00:27:03

Health: -3/99      AC: 24    Str: 11    XL:     9   Next: 49%
Magic:  11/11      EV:  2    Int: 10    God:    Makhleb [**....]
Gold:   114        SH:  0    Dex: 22    Spells: 8/8 levels left

rFire   . . .        a - +7 scimitar "Ryasyuw" {venom, rN+ rCorr}
rCold   . . .        (no shield)
rNeg    + + .        D - melded +0 steam dragon scales
rPois   +            w - melded +2 hat {Will+}
rElec   .            f - melded +0 cloak
rCorr   +            i - melded +0 pair of gloves
SInv    .            C - melded +0 pair of boots
Will    .....        x - amulet "Guwurghyxka" {RegenMP Rampage rN+ Str-4}
Stlth   +++++        g - +5 ring of evasion
HPRegen 3.36/turn    (no ring)
MPRegen 0.52/turn

%: rampage
@: lethally poisoned (-3 -> -4), tree-form
A: stationary, stasis, torment immunity, boosted hp, thin skeletal structure 2,
powered by death 2, (horns 1), low MP 1
a: Renounce Religion, Minor Destruction


You were on level 8 of the Dungeon.
You worshipped Makhleb.
Makhleb was pleased with you.
You were a tree.
You visited 2 branches of the dungeon, and saw 9 of its levels.

You collected 366 gold pieces.
You spent 252 gold pieces at shops.

Inventory:

Hand Weapons
 a - the +7 scimitar "Ryasyuw" (weapon) {venom, rN+ rCorr}
   (You bought it in a shop on level 7 of the Dungeon)

   rN:        It protects you from negative energy.
   rCorr:     It protects you from acid and corrosion.
 b - a +1 dagger of flaming
 B - a +1 long sword
Missiles
 d - 7 throwing nets
 e - a javelin
 z - 2 boomerangs (quivered)
 A - 5 boomerangs of dispersal
Armour
 f - a +0 cloak (melded)
 i - a +0 pair of gloves (melded)
 w - a +2 hat of willpower (melded)
 C - a +0 pair of boots (melded)
 D - +0 steam dragon scales (melded)
Jewellery
 g - a +5 ring of evasion (left branch)
 t - an amulet of reflection
 x - the amulet "Guwurghyxka" (around neck) {RegenMP Rampage rN+ Str-4}
   (You found it on level 6 of the Dungeon)

   [amulet of magic regeneration]

   It increases your rate of magic regeneration.
   Str:       It affects your strength (-4).
   rN:        It protects you from negative energy.
   Rampage:   It bestows one free step when moving towards enemies.
Wands
 m - a wand of polymorph (10)
 n - a wand of digging (6)
 p - a wand of quicksilver (5)
 s - a wand of flame (17)
 y - a wand of mindburst (16)
Scrolls
 j - 2 scrolls of enchant armour
 k - 5 scrolls of amnesia
 l - 2 scrolls of poison
 r - 2 scrolls of enchant weapon
 v - a scroll of teleportation
Potions
 c - a potion of brilliance
 h - 2 potions of resistance
 q - 2 potions of haste


   Skills:
 + Level 4.3 Fighting
 * Level 9.3 Long Blades
 + Level 1.8 Throwing
 + Level 2.3 Armour
 + Level 4.2 Dodging
 + Level 4.5 Stealth
 + Level 0.5 Shields
 + Level 0.2 Unarmed Combat
 * Level 5.5 Invocations


You had 8 spell levels left.
You didn't know any spells.
Your spell library contained the following spells:

 Spells                   Type           Power      Damage    Failure   Level
 Kiss of Death            Conj/Necr      0%         2d5       36%         1
 Magic Dart               Conj           0%         1d3       36%         1
 Shock                    Conj/Air       0%         1d3       36%         1
 Searing Ray              Conj           0%         2d4       50%         2
 Confusing Touch          Hex            0%         N/A       75%         3
 Dazzling Flash           Conj/Hex       0%         N/A       75%         3
 Swiftness                Air            0%         N/A       75%         3
 Volatile Blastmotes      Fire/Tloc      0%         2d10      75%         3
 Airstrike                Air            0%         2d(0-16)  98%         4
 Cause Fear               Hex            0%         N/A       98%         4
 Dispel Undead            Necr           0%         3d6       98%         4
 Fulminant Prism          Conj/Hex       0%         3d5       98%         4
 Iskenderun's Mystic Bla  Conj/Tloc      0%         2d3       98%         4
 Starburst                Conj/Fire      0%         6d3       100%        6
 Dragon Form              Tmut           0%         N/A       100%        7
 Dragon's Call            Summ           0%         N/A       100%        9


Dungeon Overview and Level Annotations

Branches:
Dungeon (8/15)             Temple (1/1) D:4
   Lair: D:8-11

Altars:
Ashenzari
Dithmenos
Fedhas
Gozag
Hepliaklqana
Kikubaaqudgha
Makhleb
Nemelex Xobeh
Okawaru
Ru
Sif Muna
Trog
Uskayaw
Vehumet
Wu Jian
Xom
Yredelemnul

Shops:
D:7 (


Innate Abilities, Weirdness & Mutations

You are a tree.
Your roots penetrate the ground, keeping you stationary.
You cannot be teleported.
You are immune to unholy pain and torment.
Your maximum health is greatly increased.
Your equipment is partially melded.
You have a moderately thin skeletal structure. (Dex +4, Stealth++)
You regenerate health from kills.
((You have a pair of small horns on your head.))
Your magical capacity is low. (-10% MP)


Message History

* * * LOW HITPOINT WARNING * * *
The gnoll hits you but does no damage.
The gnoll sergeant hits you from afar with a +2 spear of venom.
* * * LOW HITPOINT WARNING * * *
You feel very sick.
The gnoll hits you but does no damage. x3
The gnoll sergeant hits you from afar with a +2 spear of venom.
* * * LOW HITPOINT WARNING * * *
You are more poisoned.
You feel extremely sick.
The gnoll hits you but does no damage. x2
The gnoll sergeant hits you from afar with a +2 spear of venom!
* * * LOW HITPOINT WARNING * * *
The gnoll hits you but does no damage.
You feel very sick. The gnoll hits you but does no damage.
The gnoll completely misses you. The gnoll hits you but does no damage.
The gnoll sergeant hits you but does no damage.
You are more poisoned.
You feel very sick. The gnoll hits you but does no damage.
The gnoll hits you from afar with a +0 halberd.
* * * LOW HITPOINT WARNING * * *
The gnoll hits you but does no damage.
The gnoll sergeant hits you but does no damage.
* * * LOW HITPOINT WARNING * * *
You feel very sick.
The gnoll hits you but does no damage. x2
The gnoll sergeant hits you but does no damage.
The gnoll hits you but does no damage.
You feel very sick.
The gnoll hits you but does no damage. x3
The gnoll sergeant hits you but does no damage.
You feel very sick.
The gnoll hits you but does no damage. x3
The gnoll sergeant hits you but does no damage.
You feel sick.
The gnoll hits you but does no damage. x2
The gnoll sergeant hits you but does no damage.
The gnoll hits you from afar with a +0 halberd.
You die... ∙∙∙∙∙∙∙∙∙∙∙∙∙∙▒ ∙∙∙ ∙∙∙∙∙∙∙∙[∙∙∙∙∙▒▒∙∙∙ ∙∙∙∙∙∙∙∙∙∙∙∙∙∙∙∙∙∙∙ ∙∙∙∙∙∙∙∙∙∙∙∙∙∙∙∙∙∙∙ ∙∙∙▒▒∙▒∙∙∙∙∙∙∙∙∙∞∙ ▒▒▒ ▒▒∙∙∙∙∙∙∙∙∙∙∙∙ ▒▒▒∙∙▒▒∙∙∙∙∙∙∙∙ ∙∙∙∙∙g∙∙∙∙∙∙∙∙∙

∙∙∙∙gg†♣∙∙∙∙∙∙∙
∙∙▒▒∙∙g†∙∙▒▒∙∙∙∙
∙∙ ▒∙∙g∙∙∙∙▒▒∙▒▒
∙∙∙∙∙∙∙∙∙▒▒ ∙∙∙
∙∙∙▒∙∙∙∙∙▒ ∙∙
∙∙∙▒▒▒∙∙∙▒ ∙∙


∙∙∙∙∙ ∙∙∙∙▒ You could see a gnoll sergeant and 4 gnolls.

Vanquished Creatures
  Prince Ribbit (D:7)
  Sigmund (D:2)
  3 steam dragons
  2 water moccasins
  4 ice beasts
  An orc warrior (D:7)
  2 black bears
  2 phantoms
  3 centaurs
  2 scorpions
  5 killer bees (D:8)
  3 hounds
  3 jellies
  A sleepcap (D:6)
  Ijyb (D:3)
  Terence (D:3)
  An iguana (D:6)
  2 orc wizards
  Robin (D:2)
  10 gnolls (D:4)
  2 adders (D:5)
  2 shadow imps
  2 worms
  A dart slug (D:2)
  21 orcs
  2 bat zombies (D:6)
  9 endoplasms
  6 giant cockroaches
  12 goblins
  9 hobgoblins
  8 jackals
  6 kobolds
  6 quokkas
  6 ball pythons
  2 bats
  3 frilled lizards
  A rat (D:3)
  3 rat zombies (D:6)
150 creatures vanquished.

Notes
Turn   | Place    | Note
-------+----------+-------------------------------------------
     0 | D:1      | Zeor the Demonspawn Gladiator began the quest for the Orb.
     0 | D:1      | Reached XP level 1. HP: 16/16 MP: 1/1
   138 | D:1      | Reached skill level 3 in Long Blades
   138 | D:1      | Gained mutation: You have a somewhat thin skeletal
                  | structure. (Dex +2, Stealth+) [demonic ancestry]
   138 | D:1      | Reached XP level 2. HP: 22/22 MP: 2/2
   798 | D:2      | Gained mutation: You have a moderately thin skeletal
                  | structure. (Dex +4, Stealth++) [demonic ancestry]
   798 | D:2      | Reached XP level 3. HP: 27/27 MP: 3/3
   878 | D:2      | Noticed Robin
   915 | D:2      | Gained mutation: Your magical capacity is low. (-10% MP)
                  | [potion of mutation]
   915 | D:2      | Gained mutation: You have a pair of small horns on your
                  | head. [potion of mutation]
   918 | D:2      | Killed Robin
   922 | D:2      | Reached XP level 4. HP: 3/33 MP: 3/3
   923 | D:2      | Reached skill level 4 in Long Blades
  1146 | D:2      | Noticed Sigmund
  1686 | D:3      | Noticed Ijyb
  1733 | D:3      | Killed Ijyb
  1734 | D:3      | Reached skill level 1 in Armour
  1988 | D:3      | Noticed Terence
  1994 | D:3      | Killed Terence
  1995 | D:3      | Gained mutation: You regenerate a little health from kills.
                  | [demonic ancestry]
  1995 | D:3      | Reached XP level 5. HP: 31/39 MP: 4/4
  2297 | D:2      | Killed Sigmund
  2298 | D:2      | Reached skill level 5 in Long Blades
  2298 | D:2      | Reached skill level 1 in Stealth
  2298 | D:2      | Reached XP level 6. HP: 46/46 MP: 5/5
  2340 | D:2      | Found a faded altar of an unknown god.
  2685 | D:4      | Identified the +1 hand axe of Cigoshroe {protect, rN+}
  2962 | D:4      | Found a staircase to the Ecumenical Temple.
  2982 | Temple   | Entered the Ecumenical Temple
  3278 | Temple   | Became a worshipper of Makhleb the Destroyer
  3619 | D:4      | Reached skill level 1 in Invocations
  3619 | D:4      | Reached XP level 7. HP: 50/52 MP: 5/7
  3872 | D:5      | Entered Level 5 of the Dungeon
  3905 | D:5      | Reached skill level 6 in Long Blades
  4160 | D:5      | Reached * piety under Makhleb
  4375 | D:5      | Noticed a steam dragon
  4389 | D:5      | Killed a steam dragon
  4390 | D:5      | Gained mutation: You regenerate health from kills. [demonic
                  | ancestry]
  4390 | D:5      | Reached XP level 8. HP: 31/58 MP: 9/9
  4532 | D:5      | Reached skill level 7 in Long Blades
  4982 | D:6      | Identified the amulet "Guwurghyxka" {RegenMP Rampage rN+
                  | Str-4}
  5012 | D:6      | Found an ancient bone altar of Kikubaaqudgha.
  5173 | D:6      | Reached skill level 8 in Long Blades
  5335 | D:7      | Found Donwides's Antique Weapon Boutique.
  5346 | D:7      | Bought an ichor-stained scimitar for 252 gold pieces
  5346 | D:7      | Identified the +7 scimitar "Ryasyuw" {venom, rN+ rCorr}
                  | (You bought it in a shop on level 7 of the Dungeon)
  5422 | D:7      | Noticed Prince Ribbit
  5431 | D:7      | Killed Prince Ribbit
  5432 | D:7      | Reached XP level 9. HP: 65/65 MP: 11/11
  5502 | D:7      | Reached skill level 5 in Invocations
  6111 | D:8      | Reached skill level 9 in Long Blades
  6130 | D:8      | Reached ** piety under Makhleb
  6141 | D:8      | HP: 4/99 [poisoned by a gnoll sergeant]
  6142 | D:8      | HP: 1/99 [poisoned by a gnoll sergeant]
  6145 | D:8      | Slain by a gnoll

Illustrated notes

Levels and vault maps discovered:
D:1:      minmay_arrival_four_circles, layout_basic
D:2:      layout_rooms, shapermc_ecumenical_altar_pompeii,
          kennysheep_generic_room_15, uniq_robin, uniq_sigmund
D:3:      layout_loops_corners, uniq_terence, uniq_ijyb
D:4:      layout_basic, minmay_temple_entry_purple_smoke, minmay_misc_feat_iff
D:5:      layout_cave_pools, hangedman_decor_peaks_small,
          kennysheep_another_room, roderic_roman_lattice
D:6:      layout_rooms, lemuel_zombie_altar_kikubaaqudgha
D:7:      layout_gridville, serial_shops, shop, kennysheep_generic_room_3,
          uniq_prince_ribbit1
D:8:      layout_cave_pools, gammafunk_ghost_necromancy
Temple:   nicolae_temple_bog_church

Skill      XL: |  1  2  3  4  5  6  7  8  9 |
---------------+----------------------------+-----
Long Blades    | 3 4 5 6 8 9 |  9.3
Dodging        | 3 4 |  4.2
Armour         | 1 2 |  2.3
Stealth        | 1 3 4 |  4.5
Fighting       | 3 4 |  4.3
Invocations    | 1 2 4 5 |  5.5
Throwing       | |  1.8
Shields        | |  0.5
Unarmed Combat | |  0.2

Action                     |  1- 3 |  4- 6 |  7- 9 || total
---------------------------+-------+-------+-------++-------
  Melee: Long sword        |   112 |   137 |   121 ||   370
         Headbutt          |     1 |    21 |    21 ||    43
         Unarmed           |       |    21 |       ||    21
         Dagger            |       |     6 |    23 ||    29
         Punch             |       |       |     1 ||     1
         Scimitar          |       |       |    37 ||    37
    Use: Scroll            |     6 |     3 |     8 ||    17
         Potion            |     4 |     1 |     3 ||     8
   Stab: Sleeping          |     2 |    11 |    18 ||    31
         Distracted        |     1 |       |     1 ||     2
 Armour: Ring mail         |    52 |    17 |       ||    69
         Leather armour    |     1 |     4 |    32 ||    37
         Skin              |       |     6 |    86 ||    92
         Steam dragon scal |       |       |     4 ||     4
  Dodge: Dodged            |   163 |   195 |   131 ||   489
  Block: Other             |       |       |    15 ||    15
